 Dungeon Crawl Stone Soup version 0.18-a0-998-gcb3fcb1 (webtiles) character file.

1131 tof the Covered (level 8, 0/70 HPs)
             Began as a Minotaur Fighter on Jan 5, 2016.
             Was a Follower of Okawaru.
             Succumbed to a killer bee's poison
             ... on level 5 of the Dungeon.
             The game lasted 00:14:18 (3727 turns).

tof the Covered (Minotaur Fighter)                  Turns: 3727, Time: 00:14:20

Health: 0/70       AC: 12    Str: 20    XL:     8   Next: 13%
Magic:  6/7        EV:  8    Int: 10    God:    Okawaru [*.....]
Gold:   195        SH: 11    Dex: 16    Spells: 0 memorised, 7 levels left

rFire  . . .     SeeInvis +     a - +0 war axe
rCold  + . .     Gourm    .     D - +1 chain mail {rC+}
rNeg   . . .     Faith    .     c - +0 shield
rPois  .         Spirit   +     (helmet restricted)
rElec  .         Dismiss  .     (no cloak)
rCorr  .         Reflect  .     (no gloves)
SustAt .         Harm     .     y - +0 pair of boots
MR     .....                    F - amulet of guardian spirit
Stlth  ..........               (no ring)
                                l - +3 ring of dexterity

@: brilliant, lethally poisoned (0 -> -2), exhausted, very slightly
contaminated, hasted and slowed, not resistant to hostile enchantments,
extremely unstealthy
A: retaliatory headbutt, horns 2, see invisible
a: Heroism, Renounce Religion


You were on level 5 of the Dungeon.
You worshipped Okawaru.
Okawaru was aware of your devotion.
You were very hungry.

You visited 1 branch of the dungeon, and saw 5 of its levels.

You collected 195 gold pieces.

Inventory:

Hand Weapons
 a - a +0 war axe (weapon)
 b - a +2 hunting sling of flaming
 v - a +0 greatsling
Missiles
 j - 8 sling bullets
Armour
 c - a +0 shield (worn)
 h - a +0 scale mail
 y - a +0 pair of boots (worn)
 D - a +1 chain mail of cold resistance (worn)
Jewellery
 l - a +3 ring of dexterity (left hand)
 o - an uncursed amulet of dismissal
 F - an amulet of guardian spirit (around neck)
Scrolls
 e - 3 scrolls of fog {unknown}
 g - a scroll of random uselessness {unknown}
 k - 5 scrolls of remove curse {unknown}
 r - a scroll of recharging {unknown}
 u - a scroll of immolation {unknown}
 w - a scroll of noise {unknown}
 C - 3 scrolls of blinking {unknown}
 E - a scroll of teleportation {unknown}
 G - a scroll of enchant armour {unknown}
Potions
 d - 3 potions of might
 m - 2 potions of heal wounds
 n - a potion of haste
 q - a potion of magic
 z - a potion of agility
Miscellaneous
 i - a plain deck of defence
Comestibles
 f - 4 bread rations
 t - a beef jerky
 x - 8 fruits


   Skills:
 + Level 5.7 Fighting
 + Level 4.7 Axes
 + Level 3.7 Slings
 + Level 6.6 Armour
 + Level 3.3 Dodging
 + Level 6.5 Shields


You had 7 spell levels left.
You didn't know any spells.

Dungeon Overview and Level Annotations

Branches:
Dungeon (5/15)             Temple (0/1) D:5

Altars:
Fedhas
Gozag
Nemelex Xobeh
Okawaru
Vehumet

Annotations:
D:4 Pikel


Innate Abilities, Weirdness & Mutations

You reflexively headbutt those who attack you in melee.
You have a pair of horns on your head.
You have supernaturally acute eyesight.


Message History

You start resting.
You are feeling very hungry.
* * * LOW HITPOINT WARNING * * *
You feel sick.
You start resting.
* * * LOW HITPOINT WARNING * * *
You feel sick.
You start resting.
* * * LOW HITPOINT WARNING * * *
You feel sick.
You start resting.
* * * LOW HITPOINT WARNING * * *
You feel sick.
You start resting.
You feel less woody.
Your +0 pair of boots unmelds from your body.
Your +1 chain mail of cold resistance unmelds from your body.
You feel resistant to cold.
Your extra speed is starting to run out.
You die...

#....#...P..P.....
######.#.####...>..#...
.........# #.P.P......
######.### #..PP..####
#.# ###..### #.#
#####..#
######.####...#..#
.........)..#....#####.#
.#####.####.....@..$....
#.# ######†.####.# #.#
##.# #.# ... ... ....
#.. ..### #. ..# ..#


There were no monsters in sight!

Vanquished Creatures
  Grinder (D:4)
  Sigmund (D:3)
  A sky beast (D:4)
  5 killer bees (D:5)
  2 orc priests
  A hound (D:4)
  An orc wizard (D:4)
  Natasha (thrice) (D:3)
  Terence (D:2)
  3 worker ants (D:4)
  Robin (D:3)
  6 adders
  2 worms
  5 giant geckos
  5 orcs
  8 bats
  4 giant cockroaches
  12 goblins
  13 hobgoblins
  13 jackals
  3 quokkas
  2 ball pythons
  4 giant newts
  8 kobolds
  7 rats
112 creatures vanquished.

Vanquished Creatures (others)
  A plant (D:4)
1 creature vanquished.

Grand Total: 113 creatures vanquished

Notes
Turn   | Place    | Note
--------------------------------------------------------------
     0 | D:1      | tof the Minotaur Fighter began the quest for the Orb.
     0 | D:1      | Reached XP level 1. HP: 19/19 MP: 0/0
   185 | D:1      | Reached XP level 2. HP: 27/27 MP: 1/1
   255 | D:1      | Reached skill level 4 in Fighting
   525 | D:1      | Found a sparkling altar of Nemelex Xobeh.
   652 | D:2      | Found an iron altar of Okawaru.
   727 | D:2      | Reached XP level 3. HP: 33/33 MP: 2/2
   882 | D:2      | Noticed Terence
   887 | D:2      | Killed Terence
   887 | D:2      | Reached skill level 1 in Slings
   887 | D:2      | Reached XP level 4. HP: 33/40 MP: 3/3
  1145 | D:2      | You fall through a shaft for 2 floors!
  1194 | D:4      | Reached XP level 5. HP: 47/47 MP: 4/4
  1206 | D:4      | Noticed a sky beast
  1246 | D:4      | Killed a sky beast
  1254 | D:4      | Gained mutation: You have sharp toenails. [mutagenic meat]
  1255 | D:4      | Gained mutation: You are clumsy. (Dex -2) [mutagenic meat]
  1257 | D:4      | Gained mutation: You are partially covered in thin metallic scales (AC +2). [mutagenic meat]
  1258 | D:4      | Gained mutation: You have supernaturally acute eyesight. [mutagenic meat]
  1468 | D:4      | Noticed Grinder
  1577 | D:4      | Found an opulent altar of Gozag.
  1627 | D:3      | Noticed Robin
  1643 | D:3      | Reached skill level 5 in Armour
  1650 | D:3      | Reached skill level 5 in Shields
  1654 | D:3      | Noticed Sigmund
  1654 | D:3      | Reached XP level 6. HP: 46/53 MP: 5/5
  1830 | D:3      | Killed Sigmund
  1830 | D:3      | Reached skill level 5 in Fighting
  1830 | D:3      | Reached skill level 1 in Dodging
  1831 | D:3      | Found a radiant altar of Vehumet.
  2032 | D:3      | Noticed Natasha
  2035 | D:3      | Killed Natasha
  2040 | D:3      | Noticed Natasha
  2054 | D:3      | Killed Natasha
  2169 | D:3      | Noticed Natasha
  2175 | D:3      | Killed Natasha
  2175 | D:3      | Reached XP level 7. HP: 46/61 MP: 6/6
  2187 | D:3      | Killed Robin
  2614 | D:3      | Found a blossoming altar of Fedhas.
  3067 | D:2      | Became a worshipper of Warmaster Okawaru
  3220 | D:4      | Found an iron altar of Okawaru.
  3221 | D:4      | Noticed Pikel
  3288 | D:4      | Killed Grinder
  3288 | D:4      | Reached skill level 6 in Armour
  3655 | D:5      | Entered Level 5 of the Dungeon
  3655 | D:5      | Found a staircase to the Ecumenical Temple.
  3691 | D:5      | Reached * piety under Okawaru
  3691 | D:5      | Reached XP level 8. HP: 37/70 MP: 4/7
  3701 | D:5      | Lost mutation: You have sharp toenails. [potion of cure mutation]
  3701 | D:5      | Lost mutation: You are partially covered in thin metallic scales (AC +2). [potion of cure mutation]
  3701 | D:5      | Lost mutation: You are clumsy. (Dex -2) [potion of cure mutation]
  3717 | D:5      | HP: 5/105 [poisoned by a killer bee]
  3723 | D:5      | HP: 2/105 [poisoned by a killer bee]
  3727 | D:5      | Succumbed to a killer bee's poison

Vault maps used:
D:1:      scummos_arrival_simple_fountains, nemelex_deck
D:2:      kennysheep_six_static_rooms, first_bread, dk_vineyard_2,
          okawaru_metal_pillars_1_2, uniq_terence
D:3:      overflow_temple_1_default, lemuel_coloured_pillars_altar,
          small_statue_intersection, uniq_natasha, uniq_robin, uniq_sigmund
D:4:      nicolae_overflow_hidden_temple, grunt_gozag_statues, kennysheep_boxes,
          uniq_pikel, uniq_grinder
D:5:      makhleb_blood_cavern_becter, minmay_temple_entry_overgrown,
          fedhas_altar_fruit_tree

Action                   |  1- 3 |  4- 6 |  7- 9 || total
-------------------------+-------+-------+-------++-------
Melee: War axe           |    29 |    92 |    98 ||   219
 Fire: Hunting sling     |    37 |    19 |     3 ||    59
  Use: Potion            |       |       |     7 ||     7
  Eat: Chunk             |       |     9 |     5 ||    14
